 Dungeon Crawl Stone Soup version 0.18.1-47-g9310371 (console) character file.

4006 Kloppie the Fighter (level 10, -14/94 HPs)
             Began as a Minotaur Gladiator on June 17, 2016.
             Was an Elder of Okawaru.
             Demolished by an orc knight
             ... wielding a +0 war axe
              (27 damage)
             ... in a bailey.
             The game lasted 00:14:02 (8847 turns).

Kloppie the Fighter (Minotaur Gladiator)            Turns: 8847, Time: 00:14:02

Health: -14/94     AC:  8    Str: 19    XL:     10   Next: 3%
Magic:  9/9        EV: 21    Int:  5    God:    Okawaru [****..]
Gold:   266        SH:  0    Dex: 20    Spells: 0 memorised, 9 levels left

rFire  . . .     SeeInvis .     a - +2 long sword
rCold  . . .     Gourm    .     g - +0 scale mail (curse)
rNeg   . . .     Faith    .     (no shield)
rPois  .         Spirit   .     c - +0 hat
rElec  .         Dismiss  .     i - +0 cloak
rCorr  .         Reflect  .     (no gloves)
SustAt .         Harm     .     (no boots)
MR     .....                    (no amulet)
Stlth  +.........               (no ring)
                                (no ring)

@: agile, very slightly contaminated, hasted, very quick, not resistant to
hostile enchantments, very unstealthy
A: retaliatory headbutt, horns 2
a: Heroism, Renounce Religion


You were in a bailey.
You worshipped Okawaru.
Okawaru was greatly pleased with you.
You were not hungry.

You visited 1 branch of the dungeon, and saw 8 of its levels.
You also visited: Ossuary and Bailey.

You collected 266 gold pieces.

Inventory:

Hand Weapons
 a - a +2 long sword (weapon)
 w - a +0 falchion of slicing
Missiles
 d - 5 throwing nets (quivered)
Armour
 c - a +0 hat (worn)
 g - a cursed +0 scale mail (worn)
 i - a +0 cloak (worn)
 t - a +0 scale mail
Wands
 u - a wand of iceblast (8/15)
 D - a wand of lightning (6/15)
Scrolls
 p - 6 scrolls of remove curse
 x - a scroll of noise
Potions
 e - a potion of cure mutation {unknown}
 j - 4 potions of flight
 m - a potion of degeneration
 n - 3 potions of agility
 o - a potion of magic
 r - a potion of berserk rage {unknown}
 s - 4 potions of brilliance {unknown}
Comestibles
 b - 2 chunks of flesh
 f - 5 bread rations
 h - 3 meat rations
 k - 3 beef jerkies
 z - 2 slices of pizza


   Skills:
 + Level 10.5 Fighting
 + Level 10.5 Long Blades
 - Level 2.0 Throwing
 + Level 4.2 Armour
 - Level 8.7 Dodging


You had 9 spell levels left.
You didn't know any spells.

Dungeon Overview and Level Annotations

Branches:
Dungeon (8/15)             Temple (0/1) D:7
   Lair: D:8-11

Altars:
Ashenzari
Cheibriados
Nemelex Xobeh
Okawaru
Yredelemnul
Zin


Innate Abilities, Weirdness & Mutations

You reflexively headbutt those who attack you in melee.
You have a pair of horns on your head.


Message History

Read which item? (? for menu, Esc to quit)
As you read the scroll labeled QOUSTY FYLOP, it crumbles to dust.
Your body is wracked with pain!
* * * LOW HITPOINT WARNING * * *
The orc knight convulses!
The kobold convulses! x2; The orc warrior convulses!
It was a scroll of torment.
The orc knight roars a battlecry!
The orc warrior goes into a battle-frenzy!
The orc knight barely misses you. You furiously retaliate!
You headbutt the orc knight, but do no damage.
Drink which item? (? for menu, Esc to quit)
You feel yourself speed up. The orc knight hits you with a war axe!
* * * LOW HITPOINT WARNING * * *
You are very lightly contaminated with residual magic.
Drink which item? (? for menu, Esc to quit)
Okay, then.
You closely miss the orc knight.
The orc knight is heavily wounded.
The orc knight hits you with a war axe!!
You die...

####...!.(∩..##
####...((........#
###....(...≈≈≈≈≈≈≈≈≈#
##.......≈≈≈≈≈≈≈≈≈≈≈≈≈≈
##......≈≈≈≈≈#########≈≈≈
###....≈≈≈≈≈≈≈K#.Koog..#K≈≈
#≈≈≈≈≈≈≈≈≈≈.####.g.g...# ##
≈≈≈≈≈≈≈.....#..####'####.
≈≈≈#(.)...###...@oKK.....
#####)(...#!'.)####'####.
#....)(.###..# ..
#.....⌠(...#)(# ..#
##.........#'## .#
##........)..# #
####.............
#############.


You could see an orc knight and 2 kobolds.

Vanquished Creatures
  Sigmund (D:3)
  2 wraiths
  The ghost of Perturabo the Skirmisher, an amateur DsAK of Lugonu (D:4)
  Menkaure (D:4)
  An ice beast (D:5)
  7 orc warriors
  2 ogres
  A necrophage (D:7)
  A phantom (D:6)
  4 centaurs
  3 giant frogs
  2 scorpions
  3 killer bees (D:8)
  2 howler monkeys
  5 wights (D:8)
  4 crimson imps
  A wasp zombie (D:6)
  A giant frog zombie (D:5)
  A hound (D:4)
  7 orc wizards
  5 orc priests
  2 giant frog skeletons
  3 worker ants
  4 hound skeletons
  2 mummies
  7 gnolls
  A howler monkey skeleton (D:6)
  9 adders
  An ooze (D:2)
  An adder zombie (D:4)
  4 worms
  3 dart slugs
  3 giant geckos
  44 orcs
  4 giant cockroaches
  2 gnoll zombies (D:2)
  16 goblins
  16 hobgoblins
  9 jackals
  22 kobolds
  A quokka (D:5)
  A ball python (D:1)
  4 bats
  A giant gecko skeleton (D:4)
  4 giant newts
  6 gnoll skeletons (Ossuary)
  A goblin zombie (D:5)
  5 kobold skeletons (Ossuary)
  14 orc skeletons (Ossuary)
  An orc zombie (D:5)
  A quokka zombie (D:5)
  9 rats
256 creatures vanquished.

Vanquished Creatures (others)
  A scorpion (D:5)
1 creature vanquished.

Grand Total: 257 creatures vanquished

Notes
Turn   | Place    | Note
--------------------------------------------------------------
     0 | D:1      | Kloppie the Minotaur Gladiator began the quest for the Orb.
     0 | D:1      | Reached XP level 1. HP: 18/18 MP: 0/0
   177 | D:1      | Reached XP level 2. HP: 21/25 MP: 1/1
   714 | D:2      | Reached XP level 3. HP: 14/31 MP: 2/2
  1157 | D:2      | Found a basalt altar of Yredelemnul.
  1581 | D:3      | Reached XP level 4. HP: 40/40 MP: 3/3
  1730 | D:3      | HP: 2/40 [orc wizard/magic dart (5)]
  2338 | D:3      | Reached XP level 5. HP: 47/47 MP: 4/4
  2400 | D:3      | Noticed Sigmund
  2408 | D:3      | Killed Sigmund
  2408 | D:3      | Reached skill level 5 in Fighting
  2408 | D:3      | Reached skill level 5 in Long Blades
  2408 | D:3      | Reached XP level 6. HP: 45/56 MP: 5/5
  2591 | D:4      | Noticed Menkaure
  2610 | D:3      | Reached skill level 5 in Dodging
  2746 | D:4      | Killed Menkaure
  2952 | D:4      | Found a shattered altar of Ashenzari.
  3015 | D:4      | Found an iron altar of Okawaru.
  3021 | D:4      | Became a worshipper of Warmaster Okawaru
  3058 | D:4      | Reached XP level 7. HP: 62/62 MP: 6/6
  3174 | D:4      | Noticed Perturabo's ghost (amateur DsAK)
  3185 | D:4      | Killed Perturabo's ghost
  3537 | D:4      | Reached * piety under Okawaru
  3995 | D:4      | Found a glowing silver altar of Zin.
  4035 | D:5      | Entered Level 5 of the Dungeon
  4131 | D:5      | Reached XP level 8. HP: 70/71 MP: 7/7
  4636 | D:5      | Found a sand-covered staircase.
  4644 | Ossuary  | Entered an ossuary
  4881 | Ossuary  | Reached ** piety under Okawaru
  6289 | D:6      | Found a snail-covered altar of Cheibriados.
  6330 | D:6      | Reached XP level 9. HP: 65/82 MP: 8/8
  6358 | D:6      | Found a sparkling altar of Nemelex Xobeh.
  7378 | D:7      | Found a staircase to the Ecumenical Temple.
  7396 | D:7      | HP: 3/83 [orc priest/divine providence (10)]
  7889 | D:7      | Reached *** piety under Okawaru
  7889 | D:7      | Reached skill level 1 in Armour
  7979 | D:8      | Reached skill level 10 in Long Blades
  8152 | D:8      | Reached skill level 10 in Fighting
  8669 | D:8      | Found a flagged portal.
  8676 | Bailey   | Entered a bailey
  8689 | Bailey   | Noticed an orc knight
  8816 | Bailey   | Reached XP level 10. HP: 62/94 MP: 9/9
  8820 | Bailey   | Reached **** piety under Okawaru
  8847 | Bailey   | Demolished by an orc knight

Skill      XL: |  1  2  3  4  5  6  7  8  9 |
---------------+----------------------------+-----
Fighting       | 3 4 5 6 8 10 | 10.5
Long Blades    | 4 5 6 7 9 10 | 10.5
Dodging        | 4 5 6 8 |  8.7
Armour         | 4 |  4.2
Throwing       | |  2.0

Action                   |  1- 3 |  4- 6 |  7- 9 | 10-12 || total
-------------------------+-------+-------+-------+-------++-------
Melee: Long sword        |    76 |   108 |   496 |    13 ||   693
       Headbutt          |    14 |    17 |    81 |     6 ||   118
Throw: Throwing net      |       |     3 |       |       ||     3
  Use: Scroll            |       |     4 |    17 |     1 ||    22
       Potion            |       |       |     6 |     2 ||     8
 Stab: Held in net/web   |       |     1 |       |       ||     1
  Eat: Chunk             |     2 |     5 |    15 |       ||    22
       Royal jelly       |       |       |     2 |       ||     2
Armor: Leather armour    |    11 |       |       |       ||    11
       Ring mail         |     7 |     8 |       |       ||    15
       Scale mail        |       |    18 |   158 |     2 ||   178
       Skin              |       |       |    23 |       ||    23
Dodge: Dodged            |    54 |    51 |   352 |     7 ||   464
